Map: World of Sleepers LE

Players

pHARM - Winner!

  • Race: Zerg Zerg
  • League: Platinum
  • Spawn Location: 1:00

jaykingwin

  • Race: Terran Terran
  • League: Platinum
  • Spawn Location: 7:00

VOD

Have the link to the VOD?

Description

Time

  • Played on: Oct. 6, 2019, 2:28 a.m.
  • Length: 11:31
Show
View Real Time Build Order
Export as new Build Order

pHARM Zerg - Winner!

Build Orders: Hatch First 

Get SALT Encoding   

  12  0:01  Drone  
  13  0:14  Overlord  
  13  0:24  Drone  
  14  0:32  Drone x2  
  16  0:52  Hatchery  
  15  1:00  Drone x2  
  17  1:13  Spawning Pool  
  17  1:14  Drone  
  17  1:18  Drone  
  19  1:25  Drone  
  19  1:35  Drone  
  19  1:38  Extractor  
  19  1:46  Drone  
  20  2:01  Drone  
  20  2:05  Queen x2  
  20  2:07  Zergling x4  
  27  2:14  Drone  
  28  2:19  Overlord  
  27  2:59  Drone x6  
  33  3:14  Drone x2  
  35  3:21  Metabolic Boost  
  35  3:34  Baneling Nest, Queen, Overlord  
  35  3:35  Overlord  
  36  3:53  Drone x8  
  44  3:57  Lair  
  44  3:59  Hatchery  
  43  4:06  Evolution Chamber  
  43  4:07  Evolution Chamber  
  43  4:09  Extractor  
  40  4:11  Extractor  
  39  4:23  Drone x7  
  46  4:40  Zerg Melee Weapons Level 1  
  46  4:49  Zerg Ground Armor Level 1  
  46  4:50  Drone x6  
  52  5:09  Overlord x3  
  52  5:19  Centrifical Hooks  
  52  5:27  Zergling x4  
  54  5:28  Zergling x6  
  57  5:37  Hatchery  
  57  5:38  Baneling x4  
  57  5:41  Zergling x8  
  57  5:42  Zergling x4  
  62  5:57  Zergling x10  
  62  5:58  Zergling x4  
  62  6:03  Extractor  
  68  6:09  Hydralisk Den  
  67  6:11  Zergling x8  
  67  6:12  Zergling x4  
  67  6:13  Infestation Pit  
  67  6:15  Overlord  
  67  6:16  Overlord x2  
  72  6:34  Baneling x5  
  72  6:35  Baneling x9  
  72  6:51  Zerg Melee Weapons Level 2  
  72  6:55  Drone x4  
  72  6:56  Drone x10  
  82  7:29  Spore Crawler  
  81  7:32  Drone x3  
  81  7:33  Spine Crawler, Drone x2  
  85  7:38  Spore Crawler, Spine Crawler  
  85  7:42  Spine Crawler  
  85  7:43  Spore Crawler  
  85  7:44  Extractor  
  80  7:45  Drone, Extractor  
  80  7:46  Drone x7  
  80  7:47  Drone x7  
  95  8:00  Spine Crawler  
  94  8:17  Overlord x9  
  94  8:23  Hatchery  
  93  8:29  Grooved Spines  
  93  8:33  Hatchery  
  92  8:45  Hydralisk  
  92  8:46  Hydralisk x8  
  92  8:47  Hydralisk  
  112  8:49  Hydralisk  
  114  9:03  Hive  
  114  9:06  Zerg Ground Armor Level 2  
  114  9:40  Muscular Augments  
  114  9:47  Hydralisk x3  
  114  9:48  Hydralisk x6  
  114  9:50  Zergling x14  
  114  9:51  Zergling x32  
  155  10:24  Baneling x2  
  155  10:25  Baneling x19  
  155  10:26  Baneling x11  
  155  10:29  Zergling x34  
Show
View Real Time Build Order
Export as new Build Order

jaykingwin Terran 

Build Orders: Reaper Expand 

Get SALT Encoding   

  12  0:01  SCV  
  13  0:13  SCV  
  14  0:17  Supply Depot  
  14  0:25  SCV  
  15  0:41  Refinery  
  15  0:42  Barracks  
  15  0:44  SCV  
  16  0:56  SCV  
  17  1:08  SCV  
  18  1:21  SCV  
  19  1:29  Reaper  
  20  1:33  SCV  
  20  1:37  Command Center  
  21  1:45  SCV  
  22  1:54  Barracks  
  22  1:57  SCV  
  23  2:04  Barracks Reactor  
  23  2:11  Supply Depot  
  23  2:26  Orbital Command  
  23  2:39  Factory  
  23  2:42  Marine x3  
  26  2:46  Refinery  
  26  2:50  SCV  
  27  3:02  SCV  
  28  3:10  Marine  
  28  3:11  Marine  
  28  3:12  Barracks Tech Lab  
  30  3:14  SCV  
  30  3:19  Orbital Command  
  31  3:26  SCV  
  32  3:28  Marine  
  32  3:29  Marine  
  32  3:30  Marine  
  35  3:39  Starport  
  35  3:40  Factory Reactor  
  35  3:44  SCV  
  35  3:48  SCV  
  37  3:49  Marine  
  37  3:50  Marine  
  37  3:52  Marine  
  40  3:56  SCV  
  40  4:00  SCV  
  42  4:04  Supply Depot  
  42  4:08  SCV  
  43  4:12  SCV  
  43  4:15  Engineering Bay  
  44  4:25  Medivac x2  
  47  4:33  Supply Depot  
  47  4:36  Factory Tech Lab  
  47  4:38  SCV x2  
  49  4:44  Missile Turret  
  49  4:47  Command Center  
  49  4:49  Stimpack  
  49  4:52  Marine  
  49  4:53  Marine  
  49  4:54  Marine  
  49  4:59  Engineering Bay  
  52  5:04  SCV x2  
  52  5:06  Missile Turret  
  54  5:09  Siege Tank  
  54  5:10  Marine x2  
  54  5:12  Marine  
  60  5:20  Terran Infantry Weapons Level 1  
  60  5:21  SCV x2  
  62  5:32  Marine x3  
  62  5:33  Supply Depot  
  65  5:37  SCV x2  
  65  5:39  Refinery  
  67  5:42  Refinery  
  67  5:47  Siege Tank  
  70  5:54  Marine x3, SCV  
  74  5:58  Supply Depot  
  74  6:01  Terran Infantry Armor Level 1  
  74  6:03  SCV  
  75  6:12  Marine x3, Missile Turret  
  75  6:17  Missile Turret  
  78  6:28  Combat Shield  
  78  6:30  Marine x3  
  81  6:34  Missile Turret  
  81  6:37  Armory  
  81  6:47  Marine x3  
  81  6:50  Starport  
  84  6:54  Barracks  
  84  6:55  Siege Tank  
  87  7:05  Marine x3  
  74  7:23  Marine x3, Fusion Core  
  74  7:25  Armory  
  74  7:29  SCV x2  
  79  7:30  Command Center  
  79  7:31  Starport Tech Lab  
  79  7:33  Starport Tech Lab  
  79  7:41  Marine x2, SCV x2  
  79  7:42  Planetary Fortress  
  83  7:47  Concussive Shells  
  83  7:58  Starport  
  83  8:07  SCV x2  
  85  8:19  SCV x3  
  88  8:25  Refinery  
  88  8:28  Refinery  
  88  8:31  SCV x3  
  88  8:32  Missile Turret  
  88  8:33  Missile Turret  
  91  8:35  Weapon Refit  
  91  8:41  Starport Tech Lab  
  91  8:43  SCV x2  
  93  8:53  Marauder  
  95  8:55  SCV x2, Missile Turret  
  97  9:14  Marauder  
  99  9:23  Battlecruiser  
  99  9:24  Battlecruiser  
  111  9:32  Battlecruiser  
  111  9:34  Supply Depot  
  111  9:35  Terran Ship Weapons Level 1, Marauder, Terran Vehicle And Ship Armor Level 1  
  119  9:40  Planetary Fortress  
  119  9:42  SCV  
  120  9:48  SCV  
  121  9:54  SCV  
  121  9:57  Supply Depot, Marauder  
  124  10:00  SCV  
  124  10:06  SCV, Missile Turret  
  126  10:09  Unknown  
  126  10:12  SCV  
  127  10:16  Widow Mine  
  127  10:17  Sensor Tower  
  127  10:18  SCV, Marauder  
  132  10:24  SCV  
  133  10:28  Missile Turret  
  133  10:30  SCV  
  139  10:36  SCV  
  139  10:37  Widow Mine  
  139  10:42  Sensor Tower  
  143  10:50  SCV  
  130  10:58  Widow Mine  
  130  11:02  SCV  
  92  11:14  SCV  
Tags
 
Add a new tag
Caveats
  • Supply blocks, unpowered buildings, or Contaminate may cause inaccurate times.
  • Supply counts are checked every 10 seconds.